 Dungeon Crawl Stone Soup version 0.22.1-1-ga44c0e56f4 (webtiles) character file.

30 Morbidden the Conjurer (level 3, 0/16 HPs)
             Began as a Vine Stalker Conjurer on Oct 7, 2018.
             Slain by a leopard gecko (1 damage)
             ... on level 1 of the Dungeon.
             The game lasted 00:02:21 (795 turns).

Morbidden the Conjurer (Vine Stalker Conjurer)       Turns: 795, Time: 00:02:21

Health: 0/16       AC:  2    Str: 10    XL:     3   Next: 18%
Magic:  0/7        EV: 12    Int: 16    God:
Gold:   9          SH:  0    Dex: 14    Spells: 5/6 levels left

rFire    . . .     SeeInvis .   (no weapon)
rCold    . . .     Gourm    .   (no shield)
rNeg     . . .     Faith    .   a - +0 robe
rPois    .         Spirit   +   (no helmet)
rElec    .         Reflect  .   (no cloak)
rCorr    .         Harm     .   (no gloves)
MR       .....                  (no boots)
Stlth    ++........             (no amulet)
HPRegen  0.05/turn              (no ring)
MPRegen  0.10/turn              (no ring)

@: no status effects
A: fangs 2, magic shield, antimagic bite, no potion heal 3, rot immunity
a: no special abilities


You were on level 1 of the Dungeon.
You were not hungry.

You visited 1 branch of the dungeon, and saw 1 of its levels.

You collected 9 gold pieces.

Inventory:

Armour
 a - a +0 robe (worn)
Scrolls
 b - a scroll of enchant weapon {unknown}
 e - a scroll of identify {unknown}
 g - a scroll of remove curse {unknown}
Potions
 d - 3 potions of curing {unknown}
 f - a potion of invisibility {unknown}
 h - a potion of flight {unknown}
Comestibles
 c - 4 rations


   Skills:
 + Level 0.1 Fighting
 + Level 1.6 Dodging
 - Level 2.4 Stealth
 + Level 0.4 Unarmed Combat
 + Level 2.2 Spellcasting
 * Level 4.8 Conjurations


You had 5 spell levels left.
You knew the following spells:

 Your Spells              Type           Power        Failure   Level  Hunger
a - Magic Dart            Conj           ###.         2%          1    #......

Your spell library contained the following spells:

 Spells                   Type           Power        Failure   Level  Hunger
 Searing Ray              Conj           ###...       4%          2    ###....
 Dazzling Spray           Conj/Hex       #.....       22%         3    ###....
 Iskenderun's Mystic Bla  Conj           ###.....     26%         4    #####..
 Force Lance              Conj/Tloc      #.......     58%         4    #####..
 Fulminant Prism          Conj/Hex       #.........   58%         4    #####..


Dungeon Overview and Level Annotations

Branches:
Dungeon (1/15)

Altars:


Innate Abilities, Weirdness & Mutations

You have extremely sharp teeth.
When hurt, damage is shared between your health and your magic reserves.
Your bite disrupts and absorbs the magic of your enemies.
Potions cannot restore your health.
You are immune to rotting.


Message History

Casting: Magic Dart (safe; 2% risk of failure)
Confirm with . or Enter, or press ? or * to list all spells.
Aiming: Magic Dart (safe; 2% risk of failure)
Press: ? - help, Shift-Dir - straight line, f - leopard gecko
Aim: a leopard gecko (severely wounded, clinging)
The magic dart hits the leopard gecko.
The leopard gecko is almost dead.
The leopard gecko bites you but does no damage.
Casting: Magic Dart (safe; 2% risk of failure)
Confirm with . or Enter, or press ? or * to list all spells.
You don't have enough magic to cast that spell.
Unknown command.
Okay, then.
Unknown command.
Unknown command.
The leopard gecko bites you but does no damage.
The leopard gecko bites you.
* * * LOW HITPOINT WARNING * * *
The leopard gecko bites you.
You die...

........##.##....###.###.###.####
..##.#..#####..#)# #.###.##..# #
........#####..#.###.##..##.## #
.###.#......................# #
.# #...............#.######## #
.# ###.######.....##.# #
.#####...............# #
.......######.##.###.# # ########
#...@....# # ####l##### # #l# #
#.# # #.# # #r# ######### #
####.#####.......#
#..........#####.#
####.##.####......#.#


You could see a leopard gecko, a frilled lizard and a rat.

Vanquished Creatures
  An ooze (D:1)
  A dart slug (D:1)
  A giant cockroach (D:1)
  4 goblins (D:1)
  2 hobgoblins (D:1)
  3 jackals (D:1)
  3 kobolds (D:1)
  2 bats (D:1)
  A frilled lizard (D:1)
  5 rats (D:1)
23 creatures vanquished.

Notes
Turn   | Place    | Note
-------+----------+-------------------------------------------
     0 | D:1      | Morbidden the Vine Stalker Conjurer began the quest for the
                  | Orb.
     0 | D:1      | Reached XP level 1. HP: 9/9 MP: 4/4
   117 | D:1      | Reached XP level 2. HP: 6/13 MP: 1/6
   607 | D:1      | Reached XP level 3. HP: 10/16 MP: 3/7
   795 | D:1      | Slain by a leopard gecko

Action                   || total
-------------------------++-------
Melee: Unarmed           ||    41
       Bite              ||    14
 Cast: Magic Dart        ||    41
 Stab: Sleeping          ||     1
Armor: Robe              ||    10
Dodge: Dodged            ||    34
